 Dungeon Crawl Stone Soup version 0.28.0 (webtiles) character file.

Game seed: 11220002913464049306

100 dolemite99 the Slasher (level 4, -2/39 HPs)
             Began as a Minotaur Monk on Feb 5, 2022.
             Was a Priest of Makhleb.
             Succumbed to an orc's poison
             ... on level 3 of the Dungeon.
             The game lasted 00:01:53 (2109 turns).

dolemite99 the Slasher (Minotaur Monk)              Turns: 2109, Time: 00:01:54

Health: -2/39      AC:  7    Str: 23    XL:     4   Next: 47%
Magic:  3/3        EV: 12    Int:  7    God:    Makhleb [***...]
Gold:   58         SH:  0    Dex: 13    Spells: 3/3 levels left

rFire   . . .      SeeInvis .   b - +0 falchion
rCold   . . .      Faith    .   (no shield)
rNeg    . . .      Spirit   .   q - +0 ring mail
rPois   .          Reflect  .   (helmet unavailable)
rElec   .          Harm     .   (no cloak)
rCorr   .          Rampage  .   l - +0 pair of gloves "Juum" {Str+6}
Will    .....                   f - +0 pair of boots
Stlth   +.........              (no amulet)
HPRegen 0.13/turn               (no ring)
MPRegen 0.08/turn               (no ring)

@: lethally poisoned (-2 -> -19), attractive, flying
A: horns 3, retaliatory headbutt, sturdy frame 1
a: Renounce Religion, Minor Destruction, Lesser Servant of Makhleb


You were on level 3 of the Dungeon.
You worshipped Makhleb.
Makhleb was most pleased with you.
You visited 1 branch of the dungeon, and saw 3 of its levels.

You collected 58 gold pieces.

Inventory:

Hand Weapons
 a - a +2 hunting sling of freezing
 b - a +0 falchion (weapon)
Missiles
 k - 71 arrows
 m - 6 poisoned darts (quivered)
 p - 20 stones
Armour
 e - a +0 robe
 f - a +0 pair of boots (worn)
 l - the +0 pair of gloves "Juum" (worn) {Str+6}
   (You found it on level 2 of the Dungeon)

   Str:       It affects your strength (+6).
 q - a +0 ring mail (worn)
Scrolls
 g - 2 scrolls of holy word {unknown}
 j - a scroll of brand weapon {unknown}
 n - a scroll of noise {unknown}
Potions
 d - a potion of cancellation


   Skills:
 - Level 3.6 Fighting
 - Level 5.4 Long Blades
 + Level 2.8 Slings
 - Level 3.2 Dodging
 - Level 1.5 Stealth


You had 3 spell levels left.
You didn't know any spells.
Your spell library contained the following spells:

 Spells                   Type           Power      Damage    Failure   Level
 Sting                    Tmut/Pois      0%         1d3       52%         1
 Poisonous Vapours        Pois/Air       0%         N/A       65%         2
 Olgreb's Toxic Radiance  Pois           0%         N/A       99%         4


Dungeon Overview and Level Annotations

Branches:
Dungeon (3/15)

Altars:
Makhleb


Innate Abilities, Weirdness & Mutations

You have a pair of large horns on your head.
You reflexively headbutt those who attack you in melee.
Your movements are slightly less encumbered by armour. (ER -2)


Message History

* * * LOW HITPOINT WARNING * * *
You feel very sick.
The orc priest calls upon Beogh to heal the orc.
The orc's wounds heal themselves!
The orc misses you.
It was a potion of curing.
You feel better. The orc barely misses you. You furiously retaliate!
You headbutt the orc!
You kill the orc!
Makhleb accepts your kill. The orc hits you but does no damage.
You are poisoned.
The orc priest barely misses you.
You slash the orc priest!
The orc priest is severely wounded.
You feel sick.
The orc hits you with a +2 whip of venom.
* * * LOW HITPOINT WARNING * * *
You are lethally poisoned!
The orc priest misses you.
It was a potion of flight.
You feel very buoyant.
You fly up into the air.
* * * LOW HITPOINT WARNING * * *
You feel sick.
An orc comes into view. It is wielding a +0 dagger.
The orc misses you. The orc priest misses you. You furiously retaliate!
You headbutt the orc priest!
You kill the orc priest!
Makhleb accepts your kill. The orc is attracted toward you.
It was a potion of mutation.
You feel extremely strange. The horns on your head grow some more.
You feel less encumbered by your armour.
* * * LOW HITPOINT WARNING * * *
You feel sick. The orc barely misses you.
The orc hits you with a +2 whip of venom.
* * * LOW HITPOINT WARNING * * *
You are more poisoned.
You hit the orc.
The orc is almost dead.
You die...

..#...#..
.#...#. ...
... ...... ..
... #.... ..
.... #....
.#.....
#...###.#.o...
#.(.##..o.!...
#.o@##....o...
#..o##$#
###...(..#
#.........#
#.........#
...........#
.#.........#
...........#
....(......#


You could see 2 orcs.

Vanquished Creatures
  An orc priest (D:3)
  4 adders
  A worm (D:3)
  An orc (D:3)
  4 ball pythons
  3 endoplasms
  2 giant cockroaches
  5 goblins
  2 hobgoblins (D:2)
  2 kobolds
  A quokka (D:2)
  A bat (D:1)
  A frilled lizard (D:1)
  4 rats
32 creatures vanquished.

Notes
Turn   | Place    | Note
-------+----------+-------------------------------------------
     0 | D:1      | dolemite99 the Minotaur Monk began the quest for the Orb.
     0 | D:1      | Reached XP level 1. HP: 19/19 MP: 0/0
   153 | D:1      | Reached skill level 4 in Long Blades
   711 | D:1      | Reached XP level 2. HP: 26/26 MP: 1/1
  1330 | D:2      | Found a faded altar of an unknown god.
  1350 | D:2      | Prayed at the altar of an unknown god.
  1350 | D:2      | Became a worshipper of Makhleb the Destroyer
  1350 | D:2      | Reached * piety under Makhleb
  1350 | D:2      | Reached ** piety under Makhleb
  1417 | D:2      | Identified the +0 pair of gloves "Juum" {Str+6}
  1479 | D:2      | Reached skill level 5 in Long Blades
  1479 | D:2      | Reached XP level 3. HP: 31/31 MP: 2/2
  1562 | D:2      | Reached *** piety under Makhleb
  1815 | D:2      | Reached skill level 1 in Slings
  2085 | D:3      | Reached XP level 4. HP: 39/39 MP: 3/3
  2108 | D:3      | Gained mutation: You have a pair of large horns on your
                  | head. [potion of mutation]
  2108 | D:3      | Gained mutation: Your movements are slightly less
                  | encumbered by armour. (ER -2) [potion of mutation]
  2109 | D:3      | Succumbed to an orc's poison

Illustrated notes

Levels and vault maps discovered:
D:1:      lightli_arrival_chessboard, layout_loops_corners
D:2:      layout_basic, dreamdust_ecumenical_altar_grove,
          minmay_misc_feat_four_crosses, item_on_display_a
D:3:      layout_basic, led_sif_book

Skill      XL: |  1  2  3 |
---------------+----------+-----
Long Blades    | 4 5 |  5.4
Slings         | 2 |  2.8
Fighting       | |  3.6
Dodging        | |  3.2
Stealth        | |  1.5

Action                   |  1- 3 |  4- 6 || total
-------------------------+-------+-------++-------
Melee: Falchion          |    44 |     3 ||    47
       Headbutt          |     3 |       ||     3
 Fire: Hunting sling     |    14 |     2 ||    16
Throw: Dart              |     7 |       ||     7
  Use: Potion            |       |     5 ||     5
 Stab: Sleeping          |     5 |       ||     5
Armor: Robe              |     9 |       ||     9
       Ring mail         |       |     1 ||     1
Dodge: Dodged            |    31 |     9 ||    40
